 Dungeon Crawl Stone Soup version 0.26-a0-812-g31a745ddcd (webtiles) character file.

Game seed: 7648898563997595821

142 schauveau the Covered (level 5, -12/33 HPs)
             Began as a Gargoyle Fighter on Nov 14, 2020.
             Was an Initiate of Okawaru.
             Mangled by an ogre
             ... wielding a cursed +0 giant club
              (27 damage)
             ... on level 2 of the Dungeon.
             The game lasted 00:04:06 (2014 turns).

schauveau the Covered (Gargoyle Fighter)            Turns: 2014, Time: 00:04:07

Health: -12/33     AC: 15    Str: 20    XL:     5   Next: 24%
Magic:  5/5        EV:  7    Int:  9    God:    Okawaru [......]
Gold:   178        SH:  9    Dex:  9    Spells: 4/4 levels left

rFire    . . .     SeeInvis +   a - +0 war axe
rCold    . . .     Faith    +   c - +0 kite shield
rNeg     + . .     Spirit   .   b - +0 scale mail
rPois    ∞         Reflect  .   (no helmet)
rElec    +         Harm     .   (no cloak)
rCorr    .         Rampage  .   (no gloves)
MR       .....                  (no boots)
Stlth    ..........             k - amulet of faith
HPRegen  0.11/turn              h - ring of see invisible
MPRegen  0.09/turn              i - +4 ring of protection

@: no status effects
A: negative energy resistance 1, electricity resistance, unbreathing,
petrification resistance, rot immunity, AC +4
a: Renounce Religion


You were on level 2 of the Dungeon.
You worshipped Okawaru.
Okawaru was noncommittal.
You visited 1 branch of the dungeon, and saw 4 of its levels.

You collected 178 gold pieces.

Inventory:

Hand Weapons
 a - a +0 war axe (weapon)
Missiles
 p - 7 poisoned darts (quivered)
 u - 4 boomerangs
Armour
 b - a +0 scale mail (worn)
 c - a +0 kite shield (worn)
Jewellery
 h - a ring of see invisible (left hand)
 i - a +4 ring of protection (right hand)
 j - an uncursed ring of protection from cold
 k - an amulet of faith (around neck)
Wands
 g - a wand of iceblast (7)
Scrolls
 e - 3 scrolls of immolation {unknown}
 l - a scroll of identify
 r - a scroll of blinking
 s - a scroll of teleportation {unknown}
 t - a scroll of fear {unknown}
 v - a scroll of remove curse {unknown}
Potions
 d - a potion of might
 f - 2 potions of curing {unknown}
 m - a potion of haste {unknown}
 n - a potion of experience {unknown}
 o - a potion of lignification {unknown}
 q - 4 potions of heal wounds {unknown}
 w - a potion of degeneration {unknown}


   Skills:
 + Level 4.0 Fighting
 * Level 3.3 Axes
 + Level 4.1 Armour
 + Level 4.0 Shields


You had 4 spell levels left.
You didn't know any spells.
Your spell library was empty.

Dungeon Overview and Level Annotations

Branches:
Dungeon (4/15)
 Temple: D:4-7

Altars:
Okawaru


Innate Abilities, Weirdness & Mutations

You are resistant to torment.
Your stone body is resilient. (AC +4)
You are immune to poison.
You resist negative energy. (rN+)
You are resistant to electric shocks. (rElec)
You can survive without breathing.
You are immune to petrification.
You are immune to rotting.


Message History

A rat is nearby!
The rat bites you but does no damage.
You slash the rat!
You kill the rat!
Okawaru accepts your kill.
No target in view!
No target in view!
You see here a rat corpse.
An ogre comes into view. It is wielding a +0 giant club.
The ogre shouts!
The ogre hits you with a cursed +0 giant club!
You barely miss the ogre.
The ogre hits you with a cursed +0 giant club!
You are too injured to fight recklessly!
You are too injured to fight recklessly!
You hit the ogre.
The ogre is lightly wounded.
The ogre hits you with a cursed +0 giant club!!
Ouch! That really hurt!
You die...

#.# #.# #....
#########.#
#.# ##.##
..†.......#
#.# #...#
###########
#.# #.... #.#
####...# #.#
#....... #.#
#...)...
#.####
#.......
#########
#.@O.#
###....#
........#
####.#
######....#
#######.# ..
..........#
###.###
##########..#
#.....# #...
#####.###.#
####.##
.†....# #.#
#......
#####.###)#
.# #.##...
#.....# #.#
#.#####


You could see an ogre.

Vanquished Creatures
  4 gnolls (D:2)
  2 adders
  A white imp (D:4)
  A worm (D:2)
  2 leopard geckos
  An orc (D:2)
  2 ball pythons
  13 bats
  3 giant cockroaches
  9 goblins
  6 hobgoblins
  7 jackals (D:2)
  A quokka (D:2)
  5 frilled lizards
  5 kobolds
  12 rats
74 creatures vanquished.

Vanquished Creatures (others)
  A plant (D:3)
1 creature vanquished.

Grand Total: 75 creatures vanquished

Notes
Turn   | Place    | Note
-------+----------+-------------------------------------------
     0 | D:1      | schauveau the Gargoyle Fighter began the quest for the Orb.
     0 | D:1      | Reached XP level 1. HP: 14/14 MP: 1/1
   437 | D:3      | Reached XP level 2. HP: 18/19 MP: 2/2
   528 | D:4      | Reached XP level 3. HP: 23/23 MP: 3/3
   597 | D:4      | Found an iron altar of Okawaru.
   602 | D:4      | Became a worshipper of Warmaster Okawaru
  1066 | D:1      | Reached XP level 4. HP: 29/29 MP: 4/4
  1645 | D:2      | Reached XP level 5. HP: 19/33 MP: 5/5
  1828 | D:2      | You fall into a shaft and drop 1 floor!
  2011 | D:2      | Noticed an ogre
  2014 | D:2      | Mangled by an ogre

Illustrated notes

Levels and vault maps discovered:
D:1:      lemuel_arrival_river_ford, layout_basic, minmay_misc_feat_x
D:2:      layout_loops_ring, lemuel_round_altar
D:3:      layout_basic, lemuel_doored_altar, chequers_ecumenical_altar_lobes,
          uniq_crazy_yiuf_cottage
D:4:      layout_basic, kennysheep_little_box,
          nicolae_gozag_cash_rules_everything_around_me

Skill      XL: |  1  2  3  4  5 |
---------------+----------------+-----
Axes           | 2 3 |  3.3
Armour         | 4 |  4.1
Shields        | 4 |  4.0
Fighting       | 4 |  4.0

Action                   |  1- 3 |  4- 6 || total
-------------------------+-------+-------++-------
Melee: War axe           |   163 |    98 ||   261
  Use: Scroll            |     2 |       ||     2
Armor: Scale mail        |   138 |    71 ||   209
Dodge: Dodged            |    60 |    30 ||    90
Block: Kite shield       |   134 |    70 ||   204

Table legend: (Time is in decaauts)
 A = Elapsed time spent in this place.
 B = Non-inter-level travel time spent in this place.
 C = Inter-level travel time spent in this place.
 D = Time resting spent in this place.
 E = Time spent auto-exploring this place.
 F = Levels seen in this place.
 G = Mean time per level.
                   A        B        C        D        E       F      G
               +--------+--------+--------+--------+--------+-----+--------+
         Total |   2140 |   2002 |    138 |      0 |   1128 |   4 |  535.0 |
       Dungeon |   2140 |   2002 |    138 |      0 |   1128 |   4 |  535.0 |
               +--------+--------+--------+--------+--------+-----+--------+

Top non-repeatable levels by time:
     D:1: 970 daAuts
     D:2: 698 daAuts
     D:3: 338 daAuts
     D:4: 131 daAuts
